 Dungeon Sprint DCSS version 0.26-a0-844-g3dd439832f (webtiles) character file.

Game seed: 16537825021618693222

252 sahdkjhfkaj the Thaumaturge (level 5, -10/26 HPs)
             Began as a Spriggan Enchanter on Nov 18, 2020.
             Splashed by a jelly's acid (11 damage)
             ... in the Dungeon (Sprint I: "Red Sonja").
             The game lasted 00:02:26 (489 turns).

sahdkjhfkaj the Thaumaturge (Spriggan Enchanter)     Turns: 489, Time: 00:02:26

Health: -10/26     AC: -6    Str:  4    XL:     5   Next: 89%
Magic:  12/16      EV: 19    Int: 17    God:
Gold:   162        SH:  0    Dex: 17    Spells: 14/20 levels left

rFire    . . .     SeeInvis +   a - +1 dagger
rCold    . . .     Faith    .   (shield restricted)
rNeg     . . .     Spirit   .   b - +0 robe
rPois    .         Reflect  .   (helmet restricted)
rElec    .         Harm     .   (no cloak)
rCorr    .         Rampage  .   (gloves unavailable)
MR       .....     NoTele   +   (boots unavailable)
Stlth    +++.......             (no amulet)
HPRegen  0.08/turn              (no ring)
MPRegen  0.15/turn              (no ring)

@: corroded, very quick
A: very small, unfitting armour, see invisible, speed 3
a: no special abilities


You were in the Dungeon.
You visited 1 branch You collected 162 gold pieces.

Inventory:

Hand Weapons
 a - a +1 dagger (weapon)
Armour
 b - a +0 robe (worn)
Wands
 c - a wand of digging (6)
Scrolls
 i - a scroll of blinking {!r}
Potions
 d - a potion of curing {!q}
 e - a potion of heal wounds {!q}
 f - a potion of haste {!q}
 g - 2 potions of magic {!q}


   Skills:
 + Level 1.7 Fighting
 - Level 5.0 Short Blades
 - Level 4.0 Dodging
 - Level 5.0 Stealth
 + Level 5.2 Shields
 - Level 8.1 Spellcasting
 - Level 5.0 Hexes
 - Level 1.0 Ice Magic
 + Level 4.6 Evocations


You had 14 spell levels left.
You knew the following spells:

 Your Spells              Type           Power        Failure   Level
a - Corona                Hex            ###....      1%          1
b - Ensorcelled Hibernat  Hex/Ice        ###...       4%          2
T - Confusing Touch       Hex            ###.....     4%          3

Your spell library contained the following spells:

 Spells                   Type           Power        Failure   Level
 Tukima's Dance           Hex            ###.....     4%          3
 Dazzling Flash           Conj/Hex       ###...       11%         3


Dungeon Overview and Level Annotations

Branches:
Dungeon (1/1)

Altars:
Sif Muna
Vehumet
Wu Jian


Innate Abilities, Weirdness & Mutations

You are very small and have problems with some larger weapons.
You are too small for most types of armour.
You have supernaturally acute eyesight. (SInv)
You cover ground extremely quickly.


Message History

There is an open door here.
There is an open door here.
Things that are here:
a +0 dagger; a +0 ring mail of cold resistance
There is an open door here.
You start resting.
A jelly is nearby!
A jelly is nearby!
Casting: Ensorcelled Hibernation (safe; 4% risk of failure)
Confirm with . or Enter, or press ? or * to list all spells.
The spell is quite dangerous to cast (4% risk of failure)!
Continue anyway?
Your hands begin to glow red.
You barely miss the jelly. The jelly barely misses you.
You hit the jelly but do no damage.
The jelly appears confused.
Your hands burn!
* * * LOW HITPOINT WARNING * * *
The jelly hits you.
* * * LOW HITPOINT WARNING * * *
You are splashed with acid!
You die...

################
#<.#.)'.J#.)J..#
#..'..#.)'..#..+
#.J#####'#####'#
#.@# #..# #?#
#..# #### ##$#
#..# #+#_.+ #⌠⌠#
+..._# ####
#_.#+# ##+


You could see a jelly (confused).

Vanquished Creatures
  Sigmund (D)
  An ogre (D)
  Ijyb (D)
3 creatures vanquished.

Notes
Turn   | Place    | Note
-------+----------+-------------------------------------------
     0 | D        | sahdkjhfkaj the Spriggan Enchanter began the quest for the
                  | Orb.
     0 | D        | Reached XP level 1. HP: 9/9 MP: 5/5
     1 | D        | Noticed Ijyb
    10 | D        | Killed Ijyb
    11 | D        | Reached skill level 1 in Fighting
    11 | D        | Reached skill level 3 in Spellcasting
    11 | D        | Reached skill level 1 in Ice Magic
    11 | D        | Reached skill level 5 in Spellcasting
    11 | D        | Reached XP level 2. HP: 6/14 MP: 6/9
   383 | D        | Learned a level 2 spell: Ensorcelled Hibernation
   385 | D        | Noticed an ogre
   388 | D        | Killed an ogre
   389 | D        | Reached skill level 5 in Hexes
   389 | D        | Reached skill level 8 in Spellcasting
   389 | D        | Reached XP level 3. HP: 18/18 MP: 9/13
   389 | D        | Reached XP level 4. HP: 22/22 MP: 10/15
   437 | D        | Learned a level 3 spell: Confusing Touch
   437 | D        | Noticed Sigmund
   440 | D        | Killed Sigmund
   441 | D        | Reached skill level 5 in Short Blades
   441 | D        | Reached skill level 5 in Shields
   441 | D        | Reached skill level 5 in Stealth
   441 | D        | Reached XP level 5. HP: 26/26 MP: 16/16
   452 | D        | Found an ornate altar of the Wu Jian Council.
   452 | D        | Found a shimmering blue altar of Sif Muna.
   454 | D        | Found a radiant altar of Vehumet.
   489 | D        | HP: 1/26 [jelly (2)]
   489 | D        | Splashed by a jelly's acid

Illustrated notes

Levels and vault maps discovered:
D:        dungeon_sprint_1 [red_sonja_temple_1, red_sonja_temple_small_1]

Skill      XL: |  1  2  3  4 |
---------------+-------------+-----
Fighting       | 1 |  1.7
Short Blades   | 2 3 5 |  5.0
Spellcasting   | 5 8 |  8.1
Hexes          | 4 5 |  5.0
Ice Magic      | 1 |  1.0
Evocations     | 4 |  4.6
Shields        | 2 5 |  5.2
Dodging        | 4 |  4.0
Stealth        | 5 |  5.0

Action                   |  1- 3 |  4- 6 || total
-------------------------+-------+-------++-------
Melee: Dagger            |     7 |     6 ||    13
 Cast: Ensorcelled Hiber |       |     2 ||     2
       Confusing Touch   |       |     1 ||     1
  Use: Potion            |     1 |       ||     1
 Stab: Sleeping          |     1 |     1 ||     2
Dodge: Dodged            |     3 |     4 ||     7

Table legend: (Time is in decaauts)
 A = Elapsed time spent in this place.
 B = Non-inter-level travel time spent in this place.
 C = Inter-level travel time spent in this place.
 D = Time resting spent in this place.
 E = Time spent auto-exploring this place.
 F = Levels seen in this place.
 G = Mean time per level.
                   A        B        C        D        E       F      G
               +--------+--------+--------+--------+--------+-----+--------+
         Total |    478 |    478 |      0 |    421 |      0 |   1 |  478.0 |
       Dungeon |    478 |    478 |      0 |    421 |      0 |   1 |  478.0 |
               +--------+--------+--------+--------+--------+-----+--------+

Top non-repeatable levels by time:
       D: 478 daAuts
